 Dungeon Crawl Stone Soup version 0.24-a0-333-g864f2b5d03 (webtiles) character file.

Game seed: 428766496264699682

136 MachJacob the Gusty (level 4, -1/52 HPs)
             Began as a Draconian Air Elementalist on May 17, 2019.
             Slain by a worker ant (2 damage)
             ... on level 3 of the Dungeon.
             The game lasted 00:14:16 (3845 turns).

MachJacob the Gusty (Draconian Air Elementalist)    Turns: 3845, Time: 00:14:17

Health: -1/52      AC:  6    Str: 15 (16) XL:     4   Next: 98%
Magic:  1/7        EV: 18    Int: 19 (21) God:
Gold:   118        SH:  0    Dex: 15 (16) Spells: 1/7 levels left

rFire    . . .     SeeInvis .   c - +0 dagger (curse)
rCold    . . .     Gourm    .   (no shield)
rNeg     . . .     Faith    .   (armour unavailable)
rPois    .         Spirit   .   (helmet restricted)
rElec    .         Reflect  .   (no cloak)
rCorr    .         Harm     .   q - +0 pair of gloves
MR       .....                  (no boots)
Stlth    ..........             (no amulet)
HPRegen  0.17/turn              (no ring)
MPRegen  0.10/turn              (no ring)

@: brilliant, agile, berserking, lethally poisoned (-1 -> -18), very quick
A: unfitting armour, cold-blooded, AC +5
a: no special abilities


You were on level 3 of the Dungeon.
You were not hungry.

You visited 1 branch of the dungeon, and saw 4 of its levels.

You collected 118 gold pieces.

Inventory:

Hand Weapons
 c - a cursed +0 dagger (weapon)
 s - a +0 hunting sling
Missiles
 a - 162 stones (quivered)
 u - 28 sling bullets
Armour
 q - a +0 pair of gloves (worn)
Jewellery
 r - an uncursed amulet of faith {unknown}
Scrolls
 d - 2 scrolls of teleportation {unknown}
 e - 2 scrolls of identify
 h - 2 scrolls of fear
 j - a scroll of blinking {unknown}
 k - 3 scrolls of remove curse {unknown}
 l - a scroll of enchant armour {unknown}
 m - a scroll of fog {unknown}
Potions
 i - 3 potions of flight
 t - a potion of mutation {unknown}
Comestibles
 b - 6 rations


   Skills:
 + Level 1.5 Fighting
 + Level 2.3 Dodging
 - Level 1.7 Stealth
 + Level 2.4 Spellcasting
 * Level 2.7 Conjurations
 * Level 4.0 Air Magic


You had one spell level left.
You knew the following spells:

 Your Spells              Type           Power        Failure   Level  Hunger
a - Shock                 Conj/Air       ####         1%          1    #......
b - Swiftness             Chrm/Air       ###.....     1%          2    ##.....
c - Static Discharge      Conj/Air       ####....     1%          3    ###....

Your spell library contained the following spells:

 Spells                   Type           Power        Failure   Level  Hunger
 Airstrike                Air            ####......   3%          4    #####..
 Lightning Bolt           Conj/Air       ####......   12%         5    ######.


Dungeon Overview and Level Annotations

Branches:
Dungeon (4/15)
 Temple: D:4-7

Altars:
Hepliaklqana
Uskayaw


Innate Abilities, Weirdness & Mutations

Your plain brown scales are hard. (AC +5)
You cannot fit into any form of body armour.
You are cold-blooded and may be slowed by cold attacks.


Message History

* * * LOW HITPOINT WARNING * * *
You feel sick. The worker ant barely misses you.
It was a potion of degeneration.
There was something very wrong with that liquid.
You feel weakened.
You feel dopey.
You feel clumsy.
* * * LOW HITPOINT WARNING * * *
You feel sick. The worker ant misses you.
It was a potion of brilliance.
You feel clever all of a sudden.
* * * LOW HITPOINT WARNING * * *
You feel sick. The worker ant completely misses you. The worker ant bites you.
* * * LOW HITPOINT WARNING * * *
You are more poisoned.
The worker ant poisons you!
It was a potion of berserk rage.
A red film seems to cover your vision as you go berserk!
You feel yourself moving faster!
You feel mighty!
* * * LOW HITPOINT WARNING * * *
You feel sick. The worker ant bites you.
You die...

# #.# #.#
################'###
#.#
..........#........#
#.#
<......##.#........#
#.#
......'##.#........#
#.#
#.###.....#........#
#.# #.#
#.>...#........# #.#
#+###..............#
#.#
'_###...)#......@a.#
#.#
#'###....#..####.###
#.# #.# #....##.##
#.# #.#
#.###....##..# #.#
#.#
......'#####.###.#
#)#
....##.#####..##+###
#.#
...###.#......#....#
#.#
..####.#......#....#
#.#
.....#.#...........#
#)#


You could see a worker ant.

Vanquished Creatures
  Terence (D:2)
  Robin (D:3)
  3 adders (D:2)
  An ooze (D:2)
  2 leopard geckos
  2 giant cockroaches (D:2)
  14 goblins
  7 hobgoblins
  4 jackals (D:3)
  6 kobolds
  4 quokkas (D:2)
  5 bats
  4 frilled lizards
  13 rats
67 creatures vanquished.

Vanquished Creatures (others)
  A worm (D:3)
1 creature vanquished.

Grand Total: 68 creatures vanquished

Notes
Turn   | Place    | Note
-------+----------+-------------------------------------------
     0 | D:1      | MachJacob the Draconian Air Elementalist began the quest
                  | for the Orb.
     0 | D:1      | Reached XP level 1. HP: 14/14 MP: 3/3
   622 | D:1      | Reached XP level 2. HP: 20/20 MP: 1/5
   851 | D:1      | Learned a level 2 spell: Swiftness
  1430 | D:2      | Reached XP level 3. HP: 27/27 MP: 2/6
  1684 | D:2      | Noticed Terence
  1696 | D:2      | Killed Terence
  1696 | D:2      | Reached skill level 1 in Fighting
  1696 | D:2      | Reached XP level 4. HP: 29/35 MP: 0/7
  2172 | D:2      | Found a hazy altar of Hepliaklqana.
  2692 | D:3      | Learned a level 3 spell: Static Discharge
  2721 | D:3      | Found a hide-covered altar of Uskayaw.
  3304 | D:3      | Noticed Robin
  3331 | D:3      | Killed Robin
  3331 | D:3      | Reached skill level 4 in Air Magic
  3844 | D:3      | HP: 1/35 [worker ant (4)]
  3845 | D:3      | Slain by a worker ant

Levels and vault maps discovered:
D:1:      scummos_arrival_hexagon, layout_rooms, kennysheep_nondescript
D:2:      layout_loops_cross, marbit_many_paths, uniq_terence
D:3:      layout_basic, lemuel_doored_altar, first_ration, lemuel_flame_loot_1,
          uniq_robin
D:4:      layout_cave_pools, minitemple

Skill      XL: |  1  2  3  4 |
---------------+-------------+-----
Dodging        | 2 |  2.3
Conjurations   | 2 |  2.7
Fighting       | 1 |  1.5
Air Magic      | 4 |  4.0
Stealth        | |  1.7
Spellcasting   | |  2.4

Action                   |  1- 3 |  4- 6 || total
-------------------------+-------+-------++-------
Melee: Dagger            |     6 |    17 ||    23
       Tailslap          |     2 |     1 ||     3
 Cast: Shock             |    76 |    83 ||   159
  Use: Scroll            |     1 |     1 ||     2
       Potion            |       |     4 ||     4
  Eat: Chunk             |     4 |     7 ||    11
Armor: Skin              |    23 |    11 ||    34
Dodge: Dodged            |    57 |    25 ||    82

Table legend:
 A = Non-vault XP
 B = Vault XP
 C = Vault XP percentage of total XP
 D = Non-vault monster count
 E = Vault monster count
 F = Vault count percentage of total count
                 A         B        C        D         E       F
            +---------+---------+-------+---------+---------+-------
      Total |     132 |      63 |  32.3 |      58 |       9 |  13.4
            +---------+---------+-------+---------+---------+-------
        D:1 |      34 |       0 |   0.0 |      23 |       0 |   0.0
        D:2 |      80 |      38 |  32.2 |      24 |       2 |   7.7
        D:3 |      18 |      25 |  58.1 |      11 |       7 |  38.9
            +---------+---------+-------+---------+---------+-------
